 Dungeon Crawl Stone Soup version 0.28-a0-1199-gef9e1dbd39 (webtiles) character file.

Game seed: 18377650791740108608

796 Gargoyl the Skirmisher (level 7, 0/60 HPs)
             Began as a Gnoll Abyssal Knight on Dec 19, 2021.
             Was a Follower of Lugonu.
             Succumbed to an adder's poison
             ... on level 2 of the Dungeon.
             The game lasted 00:02:57 (1365 turns).

Gargoyl the Skirmisher (Gnoll Abyssal Knight)       Turns: 1365, Time: 00:02:58

Health: 0/60       AC:  6    Str: 14    XL:     7   Next: 89%
Magic:  11/11      EV: 11    Int: 10    God:    Lugonu [*.....]
Gold:   37         SH:  0    Dex: 12    Spells: 11/11 levels left

rFire   . . .      SeeInvis .   a - +1 hand axe
rCold   . . .      Faith    .   (no shield)
rNeg    . . .      Spirit   .   e - +0 ring mail
rPois   .          Reflect  .   (no helmet)
rElec   .          Harm     .   (no cloak)
rCorr   .          Rampage  .   (no gloves)
Will    +....                   (no boots)
Stlth   +.........              (no amulet)
HPRegen 0.20/turn               l - ring of willpower
MPRegen 0.12/turn               (no ring)

@: lethally poisoned (0 -> -1)
A: fangs 1, strong nose, distributed training
a: Renounce Religion, Depart the Abyss


You were on level 2 of the Dungeon.
You worshipped Lugonu.
Lugonu was aware of your devotion.
You visited 1 branch of the dungeon, and saw 2 of its levels.
You visited the Abyss 1 time.

You collected 37 gold pieces.

Inventory:

Hand Weapons
 a - a +1 hand axe (weapon)
Armour
 e - a +0 ring mail (worn)
Jewellery
 l - a ring of willpower (left hand)
Scrolls
 b - a scroll of vulnerability {unknown}
 f - a scroll of immolation {unknown}
 g - a scroll of enchant armour {unknown}
 i - a scroll of fog {unknown}
 j - a scroll of identify {unknown}
Potions
 d - a potion of curing {unknown}
 h - a potion of mutation {unknown}
 k - a potion of attraction {unknown}


   Skills:
 + Level 7.1 Fighting
 + Level 2.7 Short Blades
 + Level 2.7 Long Blades
 + Level 5.4 Axes
 + Level 2.7 Maces & Flails
 + Level 2.7 Polearms
 + Level 2.7 Staves
 + Level 2.7 Slings
 + Level 2.7 Bows
 + Level 2.7 Crossbows
 + Level 2.7 Throwing
 + Level 5.4 Armour
 + Level 3.8 Dodging
 + Level 2.7 Stealth
 + Level 2.7 Shields
 + Level 2.7 Unarmed Combat
 + Level 2.7 Spellcasting
 + Level 2.2 Conjurations
 + Level 2.2 Hexes
 + Level 2.2 Summonings
 + Level 2.2 Necromancy
 + Level 2.2 Translocations
 + Level 2.2 Transmutations
 + Level 2.2 Fire Magic
 + Level 2.2 Ice Magic
 + Level 2.2 Air Magic
 + Level 2.2 Earth Magic
 + Level 2.2 Poison Magic
 + Level 5.5 Invocations
 + Level 2.7 Evocations


You had 11 spell levels left.
You didn't know any spells.
Your spell library was empty.

Dungeon Overview and Level Annotations

Branches:
Dungeon (2/15)

Altars:


Innate Abilities, Weirdness & Mutations

You have very sharp teeth.
Your uncanny sense of smell can sniff out nearby items.
Your experience applies equally to all skills.


Message History

The quokka bites you but does no damage.
The jelly hits you but does no damage.
Unknown command.
You hit the quokka.
You kill the quokka!
Lugonu accepts your kill.
You hit the jelly.
Your hands burn!
You hit the adder. The adder completely misses you.
The jelly closely misses you. The adder barely misses you.
The jelly barely misses you. The adder bites you but does no damage.
Things that are here:
a quokka corpse; a jackal corpse Unknown command.
The adder barely misses you. The adder bites you.
You are poisoned.
The adder poisons you! The jelly hits you. The acid corrodes you!
You are splashed with acid.
You hit the adder.
The adder is severely wounded.
You barely miss the jelly.
You feel sick. The adder barely misses you. The jelly hits you.
The acid corrodes you!
You are splashed with acid!
The adder bites you.
Unknown command.
You barely miss the adder.
The adder is severely wounded.
You hit the jelly but do no damage.
Your hands burn!
* * * LOW HITPOINT WARNING * * *
You feel sick. The adder misses you. The jelly hits you.
* * * LOW HITPOINT WARNING * * *
You are splashed with acid!
* * * LOW HITPOINT WARNING * * *
You feel sick.
You feel sick. The adder bites you.
* * * LOW HITPOINT WARNING * * *
It was a potion of cancellation.
Your magical effects are unravelling.
You feel magically purged.
You are no longer corroded.
You die...

..................#
#.##.)..###..#...#
.....#...#...†.#.#
#.....#........#.###
..........####.†...#
......##### #†)...#
.###### #..[..# ##
#.JS..# #..@..#
#.....# #.....#
#.....# #.....#
#######


You could see a jelly and an adder.

Vanquished Creatures
  A dart slug (D:1)
  2 endoplasms
  2 giant cockroaches (D:1)
  3 goblins
  4 hobgoblins (D:1)
  2 jackals (D:2)
  2 quokkas
  4 ball pythons (D:1)
  6 bats
  3 frilled lizards (D:1)
  3 kobolds (D:1)
  2 rats (D:1)
34 creatures vanquished.

Vanquished Creatures (collateral kills)
  A worldbinder (Abyss:2)
  An ancient zyme (Abyss:2)
  A large abomination (Abyss:2)
3 creatures vanquished.

Grand Total: 37 creatures vanquished

Notes
Turn   | Place    | Note
-------+----------+-------------------------------------------
     0 | Abyss:1  | Gargoyl the Gnoll Abyssal Knight began the quest for the
                  | Orb.
     0 | Abyss:1  | Reached XP level 1. HP: 23/23 MP: 3/3
    12 | Abyss:2  | Found a corrupted altar of Lugonu.
    47 | Abyss:2  | Noticed a large abomination
    51 | Abyss:2  | Killed a large abomination
    52 | Abyss:2  | Reached skill level 1 in Short Blades
    52 | Abyss:2  | Reached skill level 1 in Long Blades
    52 | Abyss:2  | Reached skill level 1 in Maces & Flails
    52 | Abyss:2  | Reached skill level 1 in Polearms
    52 | Abyss:2  | Reached skill level 1 in Staves
    52 | Abyss:2  | Reached skill level 1 in Slings
    52 | Abyss:2  | Reached skill level 1 in Bows
    52 | Abyss:2  | Reached skill level 1 in Crossbows
    52 | Abyss:2  | Reached skill level 1 in Throwing
    52 | Abyss:2  | Reached skill level 1 in Stealth
    52 | Abyss:2  | Reached skill level 1 in Shields
    52 | Abyss:2  | Reached skill level 1 in Unarmed Combat
    52 | Abyss:2  | Reached skill level 1 in Spellcasting
    52 | Abyss:2  | Reached skill level 1 in Conjurations
    52 | Abyss:2  | Reached skill level 1 in Hexes
    52 | Abyss:2  | Reached skill level 1 in Summonings
    52 | Abyss:2  | Reached skill level 1 in Necromancy
    52 | Abyss:2  | Reached skill level 1 in Translocations
    52 | Abyss:2  | Reached skill level 1 in Transmutations
    52 | Abyss:2  | Reached skill level 1 in Fire Magic
    52 | Abyss:2  | Reached skill level 1 in Ice Magic
    52 | Abyss:2  | Reached skill level 1 in Air Magic
    52 | Abyss:2  | Reached skill level 1 in Earth Magic
    52 | Abyss:2  | Reached skill level 1 in Poison Magic
    52 | Abyss:2  | Reached skill level 1 in Evocations
    52 | Abyss:2  | Reached XP level 2. HP: 29/29 MP: 5/5
    52 | Abyss:2  | Reached XP level 3. HP: 35/35 MP: 6/6
    52 | Abyss:2  | Reached XP level 4. HP: 41/41 MP: 7/7
    52 | Abyss:2  | Reached XP level 5. HP: 47/47 MP: 8/8
    62 | Abyss:2  | Noticed an ancient zyme
    68 | Abyss:2  | Killed an ancient zyme
    69 | Abyss:2  | Reached skill level 5 in Axes
    69 | Abyss:2  | Reached skill level 5 in Armour
    69 | Abyss:2  | Reached skill level 5 in Invocations
    69 | Abyss:2  | Reached XP level 6. HP: 53/53 MP: 9/9
    69 | Abyss:2  | Noticed a worldbinder
    69 | Abyss:2  | Noticed a mana viper
    69 | Abyss:2  | Noticed a mana viper
    76 | Abyss:2  | Noticed a black mamba
    76 | Abyss:2  | Noticed a naga warrior
    78 | Abyss:2  | Killed a worldbinder
    79 | Abyss:2  | Reached skill level 7 in Fighting
    79 | Abyss:2  | Reached XP level 7. HP: 53/60 MP: 9/11
   102 | Abyss:2  | Noticed an ancient zyme
   105 | Abyss:2  | Noticed a starcursed mass
   129 | Abyss:3  | Noticed a chaos spawn
   166 | Abyss:3  | Noticed a vampire mage
   167 | D:1      | Escaped the Abyss
   231 | D:1      | Reached * piety under Lugonu
  1364 | D:2      | HP: 1/60 [adder (4)]
  1365 | D:2      | Succumbed to an adder's poison

Illustrated notes

Levels and vault maps discovered:
D:1:      dpeg_arrival_simpleton_a, layout_basic
D:2:      layout_rooms

Skill      XL: |  1  2  3  4  5  6 |
---------------+-------------------+-----
Short Blades   | 1 2 |  2.7
Long Blades    | 1 2 |  2.7
Maces & Flails | 1 2 |  2.7
Polearms       | 1 2 |  2.7
Staves         | 1 2 |  2.7
Slings         | 1 2 |  2.7
Bows           | 1 2 |  2.7
Crossbows      | 1 2 |  2.7
Throwing       | 1 2 |  2.7
Dodging        | 3 |  3.8
Stealth        | 1 2 |  2.7
Shields        | 1 2 |  2.7
Unarmed Combat | 1 2 |  2.7
Spellcasting   | 1 2 |  2.7
Conjurations   | 1 2 |  2.2
Hexes          | 1 2 |  2.2
Summonings     | 1 2 |  2.2
Necromancy     | 1 2 |  2.2
Translocations | 1 2 |  2.2
Transmutations | 1 2 |  2.2
Fire Magic     | 1 2 |  2.2
Ice Magic      | 1 2 |  2.2
Air Magic      | 1 2 |  2.2
Earth Magic    | 1 2 |  2.2
Poison Magic   | 1 2 |  2.2
Evocations     | 1 2 |  2.7
Axes           | 5 |  5.4
Armour         | 5 |  5.4
Invocations    | 5 |  5.5
Fighting       | 7 |  7.1

Action                   |  1- 3 |  4- 6 |  7- 9 || total
-------------------------+-------+-------+-------++-------
Melee: Hand axe          |       |       |    88 ||    88
       Bite              |       |       |     4 ||     4
       Punch             |       |       |     3 ||     3
Invok: Depart the Abyss  |       |       |     1 ||     1
  Use: Scroll            |     1 |       |     1 ||     2
       Potion            |       |       |     1 ||     1
 Stab: Sleeping          |       |       |     1 ||     1
Armor: Ring mail         |       |       |    36 ||    36
       Leather armour    |       |       |     6 ||     6
Dodge: Dodged            |       |     1 |    65 ||    66

Table legend: (Time is in decaauts)
 A = Elapsed time spent in this place.
 B = Non-inter-level travel time spent in this place.
 C = Inter-level travel time spent in this place.
 D = Time resting spent in this place.
 E = Time spent auto-exploring this place.
 F = Levels seen in this place.
 G = Mean time per level.
                   A        B        C        D        E       F      G
               +--------+--------+--------+--------+--------+-----+--------+
         Total |   1366 |   1356 |     10 |     14 |    973 |   5 |  273.2 |
       Dungeon |   1200 |   1190 |     10 |      0 |    887 |   2 |  600.0 |
         Abyss |    166 |    166 |      0 |     14 |     86 |   3 |   55.3 |
               +--------+--------+--------+--------+--------+-----+--------+

Top non-repeatable levels by time:
     D:1: 1126 daAuts
 Abyss:2: 96 daAuts
     D:2: 74 daAuts
 Abyss:3: 58 daAuts
 Abyss:1: 11 daAuts
